 Dungeon Crawl Stone Soup version 0.23-a0-448-g1c01f63 (console) character file.

519 utis the Magician (level 7, -2/35 HPs)
             Began as a Spriggan Earth Elementalist on Nov 19, 2018.
             Slain by a killer bee (4 damage)
             ... on level 3 of the Dungeon.
             The game lasted 00:16:39 (4699 turns).

utis the Magician (Spriggan Earth Elementalist)     Turns: 4699, Time: 00:16:40

Health: -2/35      AC:  3    Str:  4    XL:     7   Next: 1%
Magic:  13/19      EV: 18    Int: 19    God:
Gold:   96         SH:  0    Dex: 16    Spells: 10/21 levels left

rFire    + . .     SeeInvis +   m - +0 whip
rCold    . . .     Gourm    .   (shield restricted)
rNeg     . . .     Faith    .   p - +1 robe {rF+}
rPois    .         Spirit   .   (helmet restricted)
rElec    .         Reflect  .   (no cloak)
rCorr    .         Harm     .   (gloves unavailable)
MR       +....                  (boots unavailable)
Stlth    ++........             (no amulet)
HPRegen  0.11/turn              (no ring)
MPRegen  0.16/turn              (no ring)

@: lethally poisoned (-2 -> -10), very quick
A: very small, unfitting armour, see invisible, herbivore, speed 3, slow
metabolism 2
a: no special abilities


You were on level 3 of the Dungeon.
You were not hungry.

You visited 1 branch of the dungeon, and saw 4 of its levels.

You collected 96 gold pieces.

Inventory:

Hand Weapons
 e - a +0 club
 j - a +0 dagger
 k - a -2 short sword
 m - a +0 whip (weapon)
 w - a +0 hunting sling
Missiles
 b - 56 stones {=f}
 i - 17 arrows
 l - 65 bolts
 n - 5 needles of frenzy
 v - 6 tomahawks (quivered)
 x - 35 sling bullets
 z - 15 poisoned needles
Armour
 c - a +0 robe
 p - a +1 robe of fire resistance (worn)
Jewellery
 t - a +3 ring of protection {unknown}
Scrolls
 a - a scroll of blinking
 f - 2 scrolls of enchant armour {unknown}
 g - 2 scrolls of identify {@r1}
 h - 2 scrolls of remove curse {@r2}
 r - a scroll of random uselessness {unknown}
 s - a scroll of fog {unknown}
 u - 2 scrolls of enchant weapon {unknown}
 y - a scroll of teleportation {unknown}
Potions
 o - a potion of might
 q - a potion of brilliance {unknown}
Comestibles
 d - 7 rations


   Skills:
 + Level 2.2 Fighting
 - Level 3.0 Dodging
 - Level 3.4 Stealth
 - Level 7.5 Spellcasting
 - Level 1.3 Transmutations
 - Level 3.8 Earth Magic


You had 10 spell levels left.
You knew the following spells:

 Your Spells              Type           Power        Failure   Level  Hunger
p - Passwall              Tmut/Erth      ###.....     4%          2    None
t - Lee's Rapid Deconstr  Erth           ###.......   50%         5    #####..
w - Stone Arrow           Conj/Erth      ##....       13%         3    #......
z - Sandblast             Erth           ###...       1%          1    None

Your spell library contained the following spells:

 Spells                   Type           Power        Failure   Level  Hunger
 Shock                    Conj/Air       #...         10%         1    None
 Swiftness                Chrm/Air       #.......     14%         2    None
 Static Discharge         Conj/Air       #.......     28%         3    #......
 Petrify                  Tmut/Erth      ###.....     32%         4    ###....
 Airstrike                Air            #.........   67%         4    ###....
 Lightning Bolt           Conj/Air       #.........   95%         5    #####..


Dungeon Overview and Level Annotations

Branches:
Dungeon (4/15)
 Temple: D:4-7

Altars:
Ashenzari
Qazlal


Innate Abilities, Weirdness & Mutations

You are very small and have problems with some larger weapons.
You are too small for most types of armour.
You have supernaturally acute eyesight. (SInv)
You are a herbivore.
You cover ground extremely quickly.
You need to consume almost no food.


Message History

Aim: a killer bee (severely wounded)
The blast of sand hits the killer bee.
You kill the killer bee!
Your Fighting skill increases to level 2!
You have reached level 7!
b - 57 stones {=f} You feel sick.
The killer bee closely misses you. The killer bee completely misses you.
Unknown command.
Casting: Sandblast (safe; 1% risk of failure)
Confirm with . or Enter, or press ? or * to list all spells.
Aiming: Sandblast (safe; 1% risk of failure)
Press: ? - help, Shift-Dir - straight line, f - killer bee
Aim: a killer bee The blast of sand misses the killer bee.
b - 56 stones {=f} You feel sick.
The killer bee stings you!
* * * LOW HITPOINT WARNING * * *
The killer bee stings you.
You die...

░ ░░░░░░░░░░░░░░░░░░░░
................i░.░
.....░░░░.......y..░ .....░
░.░...░░.░.░░░ .....░
░.░.░..░.....░
.....░░░░.░....░.░.░.░░░░░░░░░░░░
....)).........░.░.░.░.†........░
.....░..░[░...<..░.░.░.░░░░░░░░.░
░░░░░░..░.░.░..░.░.░.░...░....░.░
░ ░░..░.░.░..░.░.░.░░░.░.░░...░


You could see a killer bee.

Vanquished Creatures
  An ogre (D:3)
  A killer bee (D:3)
  2 orc wizards
  3 orc priests (D:3)
  A hound (D:4)
  Jessica (D:2)
  8 adders
  An ooze (D:2)
  2 worms
  3 dart slugs
  4 leopard geckos
  14 orcs
  7 bats
  2 giant cockroaches
  15 goblins
  10 hobgoblins
  6 jackals
  A quokka (D:3)
  A ball python (D:2)
  7 frilled lizards
  8 kobolds
  8 rats
106 creatures vanquished.

Notes
Turn   | Place    | Note
-------+----------+-------------------------------------------
     0 | D:1      | utis the Spriggan Earth Elementalist began the quest for
                  | the Orb.
     0 | D:1      | Reached XP level 1. HP: 9/9 MP: 5/5
   291 | D:1      | Reached XP level 2. HP: 13/13 MP: 6/6
   646 | D:1      | meh
  1010 | D:2      | Noticed Jessica
  1074 | D:2      | Reached XP level 3. HP: 16/16 MP: 5/8
  1094 | D:2      | Learned a level 3 spell: Stone Arrow
  1109 | D:2      | Reached skill level 3 in Spellcasting
  1207 | D:2      | Learned a level 2 spell: Passwall
  1396 | D:2      | Found a shattered altar of Ashenzari.
  1396 | D:2      | Found a stormy altar of Qazlal.
  1524 | D:2      | Reached skill level 4 in Spellcasting
  1524 | D:2      | Reached XP level 4. HP: 21/21 MP: 7/11
  1675 | D:2      | Killed Jessica
  2419 | D:3      | Reached skill level 5 in Spellcasting
  2478 | D:3      | Reached XP level 5. HP: 18/24 MP: 8/14
  3366 | D:3      | Reached skill level 6 in Spellcasting
  3434 | D:3      | Noticed an ogre
  3478 | D:3      | Killed an ogre
  3478 | D:3      | Reached XP level 6. HP: 21/28 MP: 11/16
  3764 | D:3      | Reached skill level 7 in Spellcasting
  4085 | D:3      | Learned a level 5 spell: Lee's Rapid Deconstruction
  4451 | D:4      | Reached skill level 1 in Fighting
  4686 | D:4      | mistake
  4698 | D:3      | Reached XP level 7. HP: 12/35 MP: 14/19
  4699 | D:3      | Slain by a killer bee

Vault maps used:
D:1:      dpeg_arrival_arbitrary_a, minivault_19, chequers_serial_rivers_small_b
D:2:      gammafunk_temple_overflow_elements, uniq_jessica
D:3:      minmay_ogre_servants
D:4:      serial_shops, nicolae_shop_temple_entry_statues_fountains,
          mrwooster_statue_mirror

Skill      XL: |  1  2  3  4  5  6 |
---------------+-------------------+-----
Earth Magic    | 3 |  3.8
Spellcasting   | 4 5 6 7 |  7.5
Fighting       | 2 |  2.2
Dodging        | |  3.0
Stealth        | |  3.4
Transmutations | |  1.3

Action                   |  1- 3 |  4- 6 |  7- 9 || total
-------------------------+-------+-------+-------++-------
Melee: Club              |     8 |       |       ||     8
       Whip              |       |   185 |       ||   185
       Short sword       |       |     4 |       ||     4
Throw: Stone             |     1 |       |       ||     1
       Tomahawk          |       |     2 |       ||     2
 Cast: Sandblast         |    47 |    85 |     2 ||   134
       Stone Arrow       |       |     4 |       ||     4
  Use: Scroll            |       |     3 |       ||     3
 Stab: Sleeping          |       |     9 |       ||     9
  Eat: Ration            |       |     1 |       ||     1
Armor: Robe              |     3 |    25 |       ||    28
Dodge: Dodged            |     8 |   218 |     2 ||   228

Table legend:
 A = Non-vault XP
 B = Vault XP
 C = Vault XP percentage of total XP
 D = Non-vault monster count
 E = Vault monster count
 F = Vault count percentage of total count
                 A         B        C        D         E       F
            +---------+---------+-------+---------+---------+-------
      Total |     580 |     162 |  21.8 |      96 |      10 |   9.4
            +---------+---------+-------+---------+---------+-------
        D:1 |      33 |       0 |   0.0 |      18 |       0 |   0.0
        D:2 |      98 |      37 |  27.4 |      31 |       1 |   3.1
        D:3 |     316 |     125 |  28.3 |      37 |       9 |  19.6
        D:4 |     133 |       0 |   0.0 |      10 |       0 |   0.0
            +---------+---------+-------+---------+---------+-------
